 Dungeon Crawl Stone Soup version 0.28.0-43-g3370ac3207 (webtiles) character file.

Game seed: 5523216369033849482

77 Ablot the Grasshopper (level 4, -5/38 HPs)
             Began as a Gnoll Warper on Mar 7, 2022.
             Slain by a gnoll
             ... wielding a +0 whip
              (7 damage)
             ... on level 1 of the Dungeon.
             The game lasted 00:02:32 (1879 turns).

Ablot the Grasshopper (Gnoll Warper)                Turns: 1879, Time: 00:02:32

Health: -5/38      AC:  3    Str: 12    XL:     4   Next: 33%
Magic:  9/11       EV: 13    Int: 12    God:
Gold:   97         SH:  0    Dex: 12    Spells: 11/13 levels left

rFire   . . .      SeeInvis .   f - +0 hunting sling (freeze)
rCold   . . .      Faith    .   (no shield)
rNeg    . . .      Spirit   .   b - +0 leather armour
rPois   .          Reflect  .   (no helmet)
rElec   .          Harm     .   (no cloak)
rCorr   .          Rampage  .   (no gloves)
Will    .....                   (no boots)
Stlth   +.........              (no amulet)
HPRegen 0.12/turn               (no ring)
MPRegen 0.12/turn               (no ring)

@: on blink cooldown
A: fangs 1, strong nose, distributed training
a: no special abilities


You were on level 1 of the Dungeon.
You visited 1 branch of the dungeon, and saw 2 of its levels.

You collected 97 gold pieces.

Inventory:

Hand Weapons
 a - a +0 spear
 f - a +0 hunting sling of freezing (weapon)
 j - a +0 whip of venom
 w - a +2 flail of holy wrath
Missiles
 d - 5 boomerangs of dispersal
 e - 2 stones (quivered ammo)
 g - 62 bolts
Armour
 b - a +0 leather armour (worn)
Scrolls
 c - 2 scrolls of blinking
 k - a scroll of noise {unknown}
 l - a scroll of fear {unknown}
Potions
 h - a potion of curing {unknown}
 i - 3 potions of brilliance {unknown}
 m - a potion of cancellation {unknown}


   Skills:
 + Level 4.6 Fighting
 + Level 1.1 Short Blades
 + Level 1.1 Long Blades
 + Level 1.1 Axes
 + Level 1.1 Maces & Flails
 + Level 4.6 Polearms
 + Level 1.1 Staves
 + Level 1.1 Slings
 + Level 1.1 Bows
 + Level 1.1 Crossbows
 + Level 2.7 Throwing
 + Level 2.7 Armour
 + Level 4.6 Dodging
 + Level 1.1 Stealth
 + Level 1.1 Shields
 + Level 1.1 Unarmed Combat
 + Level 5.0 Spellcasting
 + Level 0.8 Conjurations
 + Level 0.8 Hexes
 + Level 0.8 Summonings
 + Level 0.8 Necromancy
 + Level 5.4 Translocations
 + Level 0.8 Transmutations
 + Level 0.8 Fire Magic
 + Level 0.8 Ice Magic
 + Level 0.8 Air Magic
 + Level 0.8 Earth Magic
 + Level 0.8 Poison Magic
 + Level 1.2 Invocations
 + Level 1.1 Evocations


You had 11 spell levels left.
You knew the following spells:

 Your Spells              Type           Power      Damage    Failure   Level
a - Blink                 Tloc           32%        N/A       4%          2

Your spell library contained the following spells:

 Spells                   Type           Power      Damage    Failure   Level
 Gell's Gravitas          Tloc           16%        N/A       8%          3
 Lesser Beckoning         Tloc           16%        N/A       8%          3
 Teleport Other           Tloc           16%        N/A       8%          3
 Magic Dart               Conj           20%        1d4       19%         1
 Call Imp                 Summ           5%         N/A       26%         2
 Mephitic Cloud           Conj/Pois/Air  5%         N/A       47%         3
 Manifold Assault         Tloc           16%        N/A       58%         5


Dungeon Overview and Level Annotations

Branches:
Dungeon (2/15)

Altars:


Innate Abilities, Weirdness & Mutations

You have very sharp teeth.
Your uncanny sense of smell can sniff out nearby items.
Your experience applies equally to all skills.


Message History

You shoot a stone.
The stone hits the gnoll but does no damage.
The gnoll is almost dead.
The gnoll closely misses you. The gnoll barely misses you.
The gnoll hits you with a +0 whip.
* * * LOW HITPOINT WARNING * * *
The gnoll barely misses you.
You feel stable enough to blink again.
You see here a +0 dagger.
Things that are here:
a +4 dagger; a goblin skeleton The gnoll completely misses you.
There is a stone staircase leading up here.
There is a stone staircase leading up here.
The gnoll hits you with a +0 whip.
* * * LOW HITPOINT WARNING * * *
The gnoll closely misses you.
You climb upwards.
There is a stone staircase leading down here.
Casting: Blink (safe; 4% risk of failure)
Confirm with . or Enter, or press ? or * to list all spells.
You blink.
Fire: 5 stones
Press: ? - help, Q - select action, (/) - cycle Shift-Dir - straight line, f - gnoll
Aim: a gnoll, wielding a +0 whip (translocational energy, severely wounded, 63% to hit)
You shoot a stone.
The stone hits the gnoll but does no damage.
The gnoll is severely wounded.
Fire: 4 stones
Press: ? - help, Q - select action, (/) - cycle Shift-Dir - straight line, f/p - gnoll
Aim: a gnoll, wielding a +0 whip (severely wounded, 63% to hit)
You shoot a stone.
The stone hits the gnoll but does no damage.
The gnoll is severely wounded.
Fire: 3 stones
Press: ? - help, Q - select action, (/) - cycle Shift-Dir - straight line, f/p - gnoll
Aim: a gnoll, wielding a +0 whip (severely wounded, 63% to hit)
You shoot a stone. The stone barely misses the gnoll.
The gnoll hits you with a +0 whip!
You die...

###.#.### ♣.♣♣♣##.'§..... ##.#.#
♣.P♣♣.###§.§§## #########....#
###♣..PP...#≈≈≈≈≈≈ .............#
#..♣.....########≈
####'###########.#♣♣♣♣♣.########§
..'8.8+........#.#.# ##.P....##≈
..#...#........#.#.#####..♣P..##≈
..##+##....⌠...#.........♣♣P..##≈
..............##@..###...P♣♣...##
....<....#######g.## ###..P♣.....
#.......##........# ##...#####
#########.....##(.# #.###
#####......###>## ##.#
###......##### #.# #..#
....###### ##.# #.## ##### ##.(#
###.### #..## #.....#


You could see a gnoll.

Vanquished Creatures
  2 gnolls (D:2)
  2 adders (D:2)
  3 endoplasms
  A giant cockroach (D:1)
  4 goblins
  3 hobgoblins
  4 jackals (D:1)
  2 quokkas (D:1)
  3 ball pythons
  4 bats
  3 frilled lizards (D:1)
  2 kobolds
  4 rats
37 creatures vanquished.

Notes
Turn   | Place    | Note
-------+----------+-------------------------------------------
     0 | D:1      | Ablot the Gnoll Warper began the quest for the Orb.
     0 | D:1      | Reached XP level 1. HP: 20/20 MP: 6/6
    45 | D:1      | Found a faded altar of an unknown god.
   363 | D:1      | Reached XP level 2. HP: 18/26 MP: 7/7
   639 | D:1      | Learned a level 2 spell: Blink
   876 | D:1      | Reached XP level 3. HP: 31/31 MP: 9/9
  1222 | D:2      | Reached skill level 5 in Spellcasting
  1551 | D:2      | Reached skill level 1 in Invocations
  1687 | D:2      | Reached skill level 1 in Short Blades
  1687 | D:2      | Reached skill level 1 in Long Blades
  1687 | D:2      | Reached skill level 1 in Axes
  1687 | D:2      | Reached skill level 1 in Maces & Flails
  1687 | D:2      | Reached skill level 1 in Staves
  1687 | D:2      | Reached skill level 1 in Slings
  1687 | D:2      | Reached skill level 1 in Bows
  1687 | D:2      | Reached skill level 1 in Crossbows
  1687 | D:2      | Reached skill level 1 in Stealth
  1687 | D:2      | Reached skill level 1 in Shields
  1687 | D:2      | Reached skill level 1 in Unarmed Combat
  1687 | D:2      | Reached skill level 1 in Evocations
  1800 | D:2      | Reached XP level 4. HP: 38/38 MP: 11/11
  1845 | D:2      | HP: 1/38 [gnoll/+0 whip (6)]
  1874 | D:2      | HP: 1/38 [gnoll/+0 whip (4)]
  1879 | D:1      | Slain by a gnoll

Illustrated notes

Levels and vault maps discovered:
D:1:      giann_wishing_wells, layout_rooms, serial_forest,
          infiniplex_forest_lined_room_2, infiniplex_forest_corner_1,
          infiniplex_forest_lined_ring, infiniplex_forest_clump_small,
          infiniplex_forest_clump_large, dreamdust_ecumenical_altar_grove,
          dk_noncrumbling_4, kennysheep_minor_cross
D:2:      layout_loops_ring, basic_altar

Skill      XL: |  1  2  3 |
---------------+----------+-----
Spellcasting   | 5 |  5.0
Invocations    | 1 |  1.2
Short Blades   | 1 |  1.1
Long Blades    | 1 |  1.1
Axes           | 1 |  1.1
Maces & Flails | 1 |  1.1
Staves         | 1 |  1.1
Slings         | 1 |  1.1
Bows           | 1 |  1.1
Crossbows      | 1 |  1.1
Stealth        | 1 |  1.1
Shields        | 1 |  1.1
Unarmed Combat | 1 |  1.1
Evocations     | 1 |  1.1
Fighting       | |  4.6
Polearms       | |  4.6
Throwing       | |  2.7
Armour         | |  2.7
Dodging        | |  4.6
Conjurations   | |  0.8
Hexes          | |  0.8
Summonings     | |  0.8
Necromancy     | |  0.8
Translocations | |  5.4
Transmutations | |  0.8
Fire Magic     | |  0.8
Ice Magic      | |  0.8
Air Magic      | |  0.8
Earth Magic    | |  0.8
Poison Magic   | |  0.8

Action                   |  1- 3 |  4- 6 || total
-------------------------+-------+-------++-------
Melee: Spear             |   102 |       ||   102
       Bite              |    10 |       ||    10
       Punch             |     2 |       ||     2
       Whip              |    30 |       ||    30
 Fire: Hunting sling     |     4 |    15 ||    19
 Cast: Blink             |       |     3 ||     3
 Stab: Sleeping          |     1 |       ||     1
Armor: Leather armour    |    30 |     1 ||    31
Dodge: Dodged            |    71 |    14 ||    85
